 Dungeon Crawl Stone Soup version 0.19-a0-1254-gb9c29c0 (webtiles) character file.

7 4thArraOfDagon the Skirmisher (level 1, -1/10 HPs)
             Began as a Felid Wanderer on Aug 27, 2016.
             Slain by a jackal (2 damage)
             ... on level 4 of the Dungeon.
             The game lasted 00:01:27 (358 turns).

4thArraOfDagon the Skirmisher (Felid Wanderer)       Turns: 358, Time: 00:01:28

Health: -1/10      AC:  2    Str:  9 (10) XL:     1   Next: 83%
Magic:  4/4        EV: 16    Int: 11      God:
Gold:   80         SH:  0    Dex: 15      Spells: 0 memorised, 4 levels left
                                        Lives:  0   Deaths: 0

rFire  . . .     SeeInvis +       - Unarmed
rCold  . . .     Gourm    .     (armour unavailable)
rNeg   . . .     Faith    .     (shield unavailable)
rPois  .         Spirit   .     (helmet unavailable)
rElec  .         Dismiss  .     (cloak unavailable)
rCorr  .         Reflect  .     (gloves unavailable)
MR     .....     Harm     .     (boots unavailable)
Stlth  +.........               (no amulet)
                                (no ring)
                                (no ring)

@: confused, quick
A: no armour, no weapons or thrown items, claws 1, fangs 3, rugged brown scales
1, see invisible, carnivore 3, deterioration 2, speed 1, shaggy fur 1, slow
metabolism 1, sharp paws
a: no special abilities


You were on level 4 of the Dungeon.
You were full.

You visited 1 branch of the dungeon, and saw 4 of its levels.

You collected 80 gold pieces.

Inventory:

Scrolls
 a - 4 scrolls of fear
 e - a scroll of noise {unknown}
 g - a scroll of recharging
Potions
 b - a potion of curing
 c - a potion of lignification
Comestibles
 d - a meat ration
 h - a slice of pizza


   Skills:
 - Level 3.0 Fighting
 + Level 0.6 Dodging
 + Level 2.1 Stealth
 * Level 2.2 Unarmed Combat
 - Level 2.0 Spellcasting
   Level 1.5 Translocations
   Level 1.1 Evocations


You had 4 spell levels left.
You didn't know any spells.

Dungeon Overview and Level Annotations

Branches:
Dungeon (4/15)
 Temple: D:4-7

Altars:


Innate Abilities, Weirdness & Mutations

You cannot wear armour.
You are incapable of wielding weapons or throwing items.
You have sharp claws.
You have razor-sharp teeth.
You have supernaturally acute eyesight. (SInv)
You are carnivorous and can eat meat at any time.
You cover ground quickly.
You are covered in fur. (AC +1)
You have a slow metabolism.
Your sharp claws are effective at attacking unaware monsters.
You are partially covered in rugged brown scales. (AC +1, +3% HP)
Your body often deteriorates upon taking damage.


Message History

The orc priest shouts!
A giant gecko and an orc come into view.
An orc comes into view. It is wielding a short sword.
The orc shouts!
The orc wizard shouts!
The orc shouts!
The giant gecko hisses angrily.
The orc throws a tomahawk.
The tomahawk completely misses you. The orc wizard casts a spell at you.
You are confused.
The orc moves out of view.
There is a stone staircase leading down here.
Unknown command.
Unknown command.
Unknown command.
The orc priest shouts!
The jackal barks!
The scorpion stings you!
Ouch! That really hurt!
* * * LOW HITPOINT WARNING * * *
Your body deteriorates!
You feel weakened. The jackal bites you.
You die...

#..###.##.#
#......##.#
##..##....#
#......#.#
#.###..#.#####
#..#.....##
#..#......##
####.......#
#...@...#
#.>.hso..#
#.#ooo..##
#o.(...ooo
.o.h.......
.......l.......
≈..≈≈≈.....≈≈.≈
≈≈≈≈≈≈≈≈≈≈≈≈≈≈≈


You could see a scorpion, 3 orc priests, an orc wizard, 5 orcs, a giant gecko
and 2 jackals.

Vanquished Creatures
  A giant cockroach (D:3)
  A goblin (D:3)
  A hobgoblin (D:1)
  A kobold (D:3)
  A quokka (D:4)
5 creatures vanquished.

Notes
Turn   | Place    | Note
-------+----------+-------------------------------------------
     0 | D:1      | 4thArraOfDagon the Felid Wanderer began the quest for the Orb.
     0 | D:1      | 4thArraOfDagon set off with: 2 scrolls of fear, a potion of curing, a potion of lignification, a meat ration
     0 | D:1      | Reached XP level 1. HP: 10/10 MP: 4/4
   225 | D:4      | Gained mutation: Your body sometimes deteriorates upon taking damage. [potion of mutation]
   225 | D:4      | Gained mutation: You are partially covered in rugged brown scales. (AC +1, +3% HP) [potion of mutation]
   225 | D:4      | Gained mutation: Your body often deteriorates upon taking damage. [potion of mutation]
   231 | D:4      | Noticed a howler monkey
   329 | D:4      | Noticed a scorpion
   354 | D:4      | Noticed an orc priest
   354 | D:4      | Noticed an orc priest
   354 | D:4      | Noticed a scorpion
   356 | D:4      | Noticed an orc priest
   356 | D:4      | Noticed an orc wizard
   358 | D:4      | Slain by a jackal

Vault maps used:
D:1:      sevenhm_arrival_forest_fort_small_3, hex_large, serial_bayou_pond_b,
          roderic_hopi_sauvastika
D:2:      first_bread, minmay_strange_pillars, fedhas_altar_fruit_tree,
          uniq_terence
D:3:      nicolae_ru_sacrificial_ziggurat
D:4:      minmay_goblin_kobold_castle

Skill      XL: |  1 |
---------------+----+-----
Stealth        | 2 |  2.1
Fighting       | |  3.0
Dodging        | |  0.6
Unarmed Combat | |  2.2
Spellcasting   | |  2.0
Translocations | |  1.5
Evocations     | |  1.1

Action                   || total
-------------------------++-------
Melee: Unarmed           ||     8
       Bite              ||     1
  Use: Scroll            ||     2
       Potion            ||     1
 Stab: Sleeping          ||     1
  Eat: Chunk             ||     2
Armor: Skin              ||     1
Dodge: Dodged            ||     6
